 Dungeon Crawl Stone Soup version 0.29.0-4-gdea44cf6ec (webtiles) character file.

Game seed: 7866700413665740668

30 qw the Sneak (level 3, -2/23 HPs)
             Began as a Gargoyle Delver on Sept 10, 2022.
             Slain by an ogre
             ... wielding a +0 giant spiked club
              (13 damage)
             ... on level 5 of the Dungeon.
             The game lasted 00:00:04 (342 turns).

qw the Sneak (Gargoyle Delver)                       Turns: 342, Time: 00:00:05

Health: -2/23      AC:  7    Str: 17    XL:     3   Next: 18%
Magic:  3/3        EV: 11    Int: 10    God:
Gold:   12         SH:  0    Dex: 11    Spells: 2/2 levels left

rFire   . . .      SeeInvis .   Y - +0 hand axe
rCold   . . .      Faith    .   (no shield)
rNeg    + . .      Spirit   .   b - +0 leather armour
rPois   inf        Reflect  .   (no helmet)
rElec   +          Harm     .   (no cloak)
rCorr   .          Rampage  .   h - +0 pair of gloves
Will    .....                   (no boots)
Stlth   +++.......              (no amulet)
HPRegen 0.07/turn               (no ring)
MPRegen 0.08/turn               (no ring)

@: no status effects
A: sickness immunity, AC +3, negative energy resistance 1, electricity
resistance, torment resistance 1, petrification resistance
a: no special abilities


You were on level 5 of the Dungeon.
You visited 1 branch of the dungeon, and saw 1 of its levels.

You collected 12 gold pieces.


Innate Abilities, Weirdness & Mutations

You are immune to sickness and miasma.
Your stone body is resilient. (AC +3)
You are immune to poison.
You resist negative energy. (rN+)
You are resistant to electric shocks. (rElec)
You are resistant to unholy torment.
You are immune to petrification.


   Skills:
 - Level 3.2 Fighting
 + Level 3.2 Axes
 - Level 1.5 Dodging
 - Level 5.4 Stealth


You had 2 spell levels left.
You didn't know any spells.
Your spell library was empty.

Inventory:

Hand Weapons
 j - a +0 whip
 Y - a +0 hand axe (weapon)
Armour
 b - a +0 leather armour (worn)
 h - a +0 pair of gloves (worn)
Wands
 g - a wand of digging (3)
Scrolls
 a - a scroll of butterflies
 c - a scroll of fog
 d - a scroll of magic mapping
 e - a scroll of fear
 k - a scroll of acquirement {unknown}
Potions
 f - a potion of haste

Dungeon Overview and Level Annotations

Branches:
Dungeon (5/15)
 Temple: D:4-7

Altars:

Shops:
D:5 =


Message History

As you read the scroll labelled UGHASE YLUOR, it crumbles to dust.
You hear the tinkle of a tiny bell.
It was a scroll of butterflies.
You closely miss the black bear.
The black bear barely misses you. x2; The black bear claws you.
You hit the black bear.
The black bear is moderately wounded.
The ogre hits your butterfly with a +0 giant spiked club!!
Your butterfly dies!
Your butterfly disappears in a burst of colours!
The black bear bites you. The black bear closely misses you.
The black bear claws you.
You barely miss the black bear.
The black bear is lightly wounded.
The black bear bites you but does no damage.
The black bear claws you but does no damage.
The black bear claws you. The black bear closely misses you. x2
The black bear claws you.
You hit the black bear.
The black bear is moderately wounded.
You barely miss the ogre. The ogre barely misses you.
The black bear barely misses you.
The black bear claws you but does no damage. x2
You barely miss the black bear.
The black bear is moderately wounded.
You hit the ogre.
The black bear bites you but does no damage.
The black bear barely misses you. The black bear closely misses you.
The ogre hits you with a +0 giant spiked club.
You hit the black bear.
The black bear is moderately wounded.
You barely miss the ogre. The black bear bites you.
The black bear claws you but does no damage.
The black bear claws you.
You barely miss the black bear.
The black bear is moderately wounded.
You barely miss the ogre.
The ogre hits you with a +0 giant spiked club!
Ouch! That really hurt!
You die...

#...... ... #.....###...
#.......< ###...>.##.###
#....\...
#.#.....#....###........
.............#.b...bb...
....##.......b....b.b...
####....###.......b.b...
###...## ##.bbO...$b.#
#.....#####....@.....#
#........##...h.......#
#.h..................##
##...#######.#######..#
###.#### #.## ..
#......# #..# ###.
#......# #.### ....
#.....#######...## #..#
####..##.##......## ...#


You could see a black bear and an ogre.

Vanquished Creatures
  A hound (D:5)
1 creature vanquished.

Notes
Turn   | Place    | Note
-------+----------+-------------------------------------------
     0 | D:5      | qw the Gargoyle Delver began the quest for the Orb.
     0 | D:5      | Reached XP level 1. HP: 14/14 MP: 1/1
     0 | D:5      | 0 ||| qw: Version: 0.1-a-116-g5d60599
     0 | D:5      | 0 ||| qw: Game counter: 7992
     0 | D:5      | 0 ||| qw: Always use a shield: true
     0 | D:5      | 0 ||| qw: God list: Okawaru
     0 | D:5      | 0 ||| qw: Allow faded altars: false
     0 | D:5      | 0 ||| qw: Do Orc after D:15 true
     0 | D:5      | 0 ||| qw: Do second Lair branch before Depths: true
     0 | D:5      | 0 ||| qw: Lair rune preference: random
     0 | D:5      | 0 ||| qw: Plans: Normal
     0 | D:5      | 0 ||| PLANNING D:1-11
    19 | D:5      | Noticed a hound
    39 | D:5      | HP: 3/14 [hound (4)]
    40 | D:5      | Killed a hound
    41 | D:5      | Reached skill level 3 in Axes
    41 | D:5      | Reached XP level 2. HP: 5/19 MP: 2/2
    41 | D:5      | Reached XP level 3. HP: 6/23 MP: 3/3
   254 | D:5      | Noticed a black bear
   255 | D:5      | 255 ||| Stepping ~*~*~tactically~*~*~ (stealth).
   324 | D:5      | Found Axih's Jewellery Emporium.
   326 | D:5      | 326 ||| UPGRADING to +0 pair of gloves.
   326 | D:5      | Noticed an ogre
   331 | D:5      | 331 ||| READING 2 scrolls labelled UGHASE YLUOR.
   342 | D:5      | Slain by an ogre

Levels and vault maps discovered:
D:5:      layout_cave_pools, mainiacjoe_overflow_large_starburst,
          old_standard_altar, grunt_temple_overflow_opulence,
          minmay_temple_entry_enclosed_plants, serial_shops, shop,
          amethyst_killhole

Skill      XL: |  1 |
---------------+----+-----
Axes           | 3 |  3.2
Fighting       | |  3.2
Dodging        | |  1.5
Stealth        | |  5.4

Action                   || total
-------------------------++-------
Melee: Hand axe          ||    24
  Use: Scroll            ||     1
Armor: Leather armour    ||    17
Dodge: Dodged            ||    23

Table legend:
 A = Non-vault XP
 B = Vault XP
 C = Vault XP percentage of total XP
 D = Non-vault monster count
 E = Vault monster count
 F = Vault count percentage of total count
                 A         B        C        D         E       F
            +---------+---------+-------+---------+---------+-------
      Total |      43 |       0 |   0.0 |       1 |       0 |   0.0
            +---------+---------+-------+---------+---------+-------
        D:5 |      43 |       0 |   0.0 |       1 |       0 |   0.0
            +---------+---------+-------+---------+---------+-------
